 Dungeon Crawl Stone Soup version 0.19-a0-1492-gce1cc90 (webtiles) character file.

814 Ooaix the Digger (level 7, -8/36 HPs)
             Began as a Gargoyle Earth Elementalist on Sept 9, 2016.
             Was a Follower of Vehumet.
             Mangled by Fv001's ghost (10 damage)
             ... on level 4 of the Dungeon.
             The game lasted 00:16:17 (5297 turns).

Ooaix the Digger (Gargoyle Earth Elementalist)      Turns: 5297, Time: 00:16:19

Health: -8/36      AC: 14    Str: 17    XL:     7   Next: 93%
Magic:  13/16      EV: 12    Int: 17    God:    Vehumet [*.....]
Gold:   263        SH:  0    Dex: 10    Spells: 3 memorised, 9 levels left

rFire  + . .     SeeInvis .     x - +5 quarterstaff (chaos)
rCold  + . .     Gourm    +     r - +2 robe {MR+}
rNeg   + . .     Faith    .     (shield currently unavailable)
rPois  ∞         Spirit   .     (no helmet)
rElec  +         Dismiss  .     y - +0 cloak
rCorr  +         Reflect  .     n - +2 pair of gloves
MR     +....     Harm     .     (no boots)
Stlth  ++........               a - amulet of the gourmand
                                (no ring)
                                g - +2 ring of protection

@: mighty, resistant
A: negative energy resistance 1, electricity resistance, unbreathing,
petrification resistance, rot immunity, AC +4
a: Renounce Religion


You were on level 4 of the Dungeon.
You worshipped Vehumet.
Vehumet was aware of your devotion.
You were very full.

You visited 1 branch of the dungeon, and saw 4 of its levels.

You collected 263 gold pieces.

Inventory:

Hand Weapons
 f - a +0 dagger
 h - a +0 club
 p - a +0 mace
 x - a +5 quarterstaff of chaos (weapon)
Missiles
 b - 138 stones (quivered)
Armour
 c - a +0 robe
 n - a +2 pair of gloves (worn)
 r - a +2 robe of magic resistance (worn)
 y - a +0 cloak (worn)
Jewellery
 a - an amulet of the gourmand (around neck)
 g - a +2 ring of protection (left hand)
 j - an uncursed amulet of harm {unknown}
Scrolls
 i - 3 scrolls of remove curse
Potions
 m - 2 potions of flight
 o - a potion of ambrosia
 q - a potion of resistance
 z - a potion of lignification
Books
 e - a book of Geomancy

   Spells                             Type                      Level
   a - Sandblast                      Earth                        1
   b - Passwall                       Transmutation/Earth          2
   c - Stone Arrow                    Conjuration/Earth            3
   d - Petrify                        Transmutation/Earth          4
   e - Lee's Rapid Deconstruction     Earth                        5
Comestibles
 d - 4 bread rations
 k - a meat ration
 s - 2 chunks of flesh
 w - a slice of pizza


   Skills:
 - Level 1.5 Dodging
 - Level 2.1 Stealth
 * Level 6.0 Spellcasting
 + Level 4.0 Conjurations
   Level 0.7 Transmutations
 + Level 6.3 Earth Magic


You had 9 spell levels left.
You knew the following spells:

 Your Spells              Type           Power        Failure   Level  Hunger
a - Sandblast             Erth           ####..       1%          1    None
b - Stone Arrow           Conj/Erth      ###...       6%          3    ##.....
c - Lee's Rapid Deconstr  Erth           ####......   30%         5    #####..


Dungeon Overview and Level Annotations

Branches:
Dungeon (4/15)
 Temple: D:4-7

Altars:
Cheibriados
Dithmenos
Makhleb
Ru
Sif Muna
Vehumet
Xom

Annotations:
D:4 Fv001's ghost, novice GrFi


Innate Abilities, Weirdness & Mutations

You are resistant to torment.
Your stone body is resilient. (AC +4)
You are immune to poison.
You resist negative energy. (rN+)
You are resistant to electric shocks. (rElec)
You can survive without breathing.
You are immune to petrification.
You are immune to rotting.


Message History

You sock Fv001's ghost!
Fv001's ghost convulses.
Fv001's ghost is moderately damaged.
Fv001's ghost closely misses you. Fv001's ghost hits you!
* * * LOW HITPOINT WARNING * * *
You closely miss Fv001's ghost.
Fv001's ghost is moderately damaged.
Fv001's ghost whispers, "Trust me.
Just give in."
Fv001's ghost hits you but does no damage.
You hit Fv001's ghost.
Fv001's ghost is heavily damaged.
Fv001's ghost closely misses you. Fv001's ghost hits you!
* * * LOW HITPOINT WARNING * * *
You hit Fv001's ghost.
Fv001's ghost is heavily damaged.
Fv001's ghost closely misses you.
Fv001's ghost hits you but does no damage.
You hit Fv001's ghost but do no damage.
Fv001's ghost seems to slow down.
Fv001's ghost is heavily damaged.
Fv001's ghost misses you. Fv001's ghost hits you!
You die...

...#.............'...
...#.>.......W...#....#
...#.............# ...
#######'####.###.# ..#
.######.####.###.##. #
.#.............#...
.#.............#...
'############.##W# +#
.########.###.##@##.##
............#........##
............'.........#
##.##'#########..##'###
##'##.###..####..##..#
..<...#..............#
......#..............#
......#..............+
......#...#####......#


You could see Fv001's ghost.

Vanquished Creatures
  Grinder (D:4)
  Duvessa (D:4)
  Dowan (D:4)
  A howler monkey (D:3)
  Crazy Yiuf (D:2)
  Ijyb (D:2)
  Terence (D:2)
  An iguana (D:4)
  2 orc wizards
  A worker ant (D:4)
  9 adders
  A shadow imp (D:4)
  An ooze (D:1)
  6 worms
  3 dart slugs
  3 giant geckos
  11 orcs
  8 bats
  9 giant cockroaches
  11 goblins
  11 hobgoblins
  9 jackals (D:3)
  5 kobolds
  2 quokkas (D:4)
  A ball python (D:3)
  2 giant newts
  12 rats
115 creatures vanquished.

Notes
Turn   | Place    | Note
-------+----------+-------------------------------------------
     0 | D:1      | Ooaix the Gargoyle Earth Elementalist began the quest for the Orb.
     0 | D:1      | Reached XP level 1. HP: 10/10 MP: 3/3
   157 | D:1      | Reached XP level 2. HP: 6/15 MP: 3/5
   564 | D:1      | Reached XP level 3. HP: 12/19 MP: 2/7
   572 | D:1      | Learned a level 3 spell: Stone Arrow
  1313 | D:2      | Found a shimmering altar of Xom.
  1314 | D:2      | Found a shimmering altar of Xom.
  1511 | D:2      | Reached skill level 1 in Conjurations
  1511 | D:2      | Reached XP level 4. HP: 6/24 MP: 8/8
  1821 | D:2      | Noticed Ijyb
  1844 | D:2      | Killed Ijyb
  1968 | D:2      | Noticed Terence
  1994 | D:2      | Killed Terence
  2214 | D:2      | Reached XP level 5. HP: 19/28 MP: 10/10
  2395 | D:2      | Found a shimmering altar of Xom.
  2395 | D:2      | Found a shimmering altar of Xom.
  2396 | D:2      | Found a shimmering altar of Xom.
  2401 | D:2      | You fall through a shaft for 2 floors!
  2402 | D:4      | Found a radiant altar of Vehumet.
  2426 | D:4      | Became a worshipper of Vehumet
  2459 | D:4      | Noticed Fv001's ghost (novice GrFi)
  2464 | D:4      | Noticed Grinder
  3017 | D:2      | You fall through a shaft!
  3070 | D:2      | Found a runed door.
  3074 | D:2      | Noticed Crazy Yiuf
  3080 | D:2      | Killed Crazy Yiuf
  3080 | D:2      | Reached skill level 5 in Earth Magic
  3307 | D:3      | Reached XP level 6. HP: 32/32 MP: 12/12
  3410 | D:3      | Reached * piety under Vehumet
  3410 | D:3      | Offered knowledge of Freeze by Vehumet.
  3463 | D:3      | Found a burning altar of Makhleb.
  3637 | D:3      | Found a snail-covered altar of Cheibriados.
  3637 | D:3      | Found a sacrificial altar of Ru.
  3638 | D:3      | Found a deep blue altar of Sif Muna.
  3711 | D:3      | Learned a level 5 spell: Lee's Rapid Deconstruction
  4256 | D:4      | Found a shadowy altar of Dithmenos.
  4512 | D:4      | Killed Grinder
  4512 | D:4      | Reached skill level 5 in Spellcasting
  4512 | D:4      | Reached XP level 7. HP: 18/36 MP: 3/15
  4515 | D:4      | Noticed Duvessa
  4539 | D:4      | Noticed Dowan
  4544 | D:4      | Killed Duvessa
  4561 | D:4      | Killed Dowan
  5297 | D:4      | Mangled by Fv001's ghost

Vault maps used:
D:1:      lightli_arrival_noodles
D:2:      xom_redecorated, uniq_terence, uniq_iyjb, uniq_crazy_yiuf_cottage
D:3:      gammafunk_temple_overflow_claw, lemuel_crystal_altar,
          minmay_misc_feat_pillars, minmay_misc_feat_five, serial_bayou_pond_e
D:4:      grunt_temple_overflow_opulence, old_standard_altar, first_bread,
          grunt_dithmenos_shadows, uniq_duvessa, uniq_grinder

Skill      XL: |  1  2  3  4  5  6  7 |
---------------+----------------------+-----
Earth Magic    | 4 5 6 |  6.3
Spellcasting   | 3 4 5 6 |  6.0
Conjurations   | 1 2 3 4 |  4.0
Dodging        | |  1.5
Stealth        | |  2.1
Transmutations | |  0.7

Action                   |  1- 3 |  4- 6 |  7- 9 || total
-------------------------+-------+-------+-------++-------
Melee: Dagger            |   105 |       |       ||   105
       Mace              |    37 |    92 |       ||   129
       Quarterstaff      |       |   119 |    88 ||   207
 Cast: Sandblast         |    24 |    16 |       ||    40
       Stone Arrow       |       |    14 |     6 ||    20
  Use: Potion            |     1 |       |     4 ||     5
       Scroll            |       |     8 |     1 ||     9
 Stab: Sleeping          |     1 |     1 |       ||     2
       Distracted        |       |     1 |     1 ||     2
       Confused          |       |       |     1 ||     1
  Eat: Chunk             |    12 |    11 |     3 ||    26
Armor: Robe              |    72 |   137 |    48 ||   257
Dodge: Dodged            |   110 |   206 |    66 ||   382
